 Dungeon Crawl Stone Soup version 0.24.0-125-gc4c63601f3 (webtiles) character file.

Game seed: 13123294632441395192, levelgen mode: deterministic

102454 Peloso the Peltast (level 15, 0/139 HPs)
             Began as a Minotaur Fighter on Mar 8, 2020.
             Was the Champion of Okawaru.
             Slain by a shock serpent (11 damage)
             ... on level 1 of the Snake Pit.
             The game lasted 01:17:26 (27118 turns).

Peloso the Peltast (Minotaur Fighter)              Turns: 27118, Time: 01:17:27

Health: 0/139      AC: 33    Str: 30    XL:     15   Next: 86%
Magic:  11/14      EV: 10    Int:  5    God:    Okawaru [******]
Gold:   310        SH: 18    Dex: 12    Spells: 14/14 levels left

rFire    + . .     SeeInvis +   l - +2 double sword (slice)
rCold    + + .     Gourm    .   c - +0 shield
rNeg     . . .     Faith    +   v - +10 plate armour of Heresy {rF+ rC+ rCorr}
rPois    +         Spirit   .   G - +0 mask of the Dragon {MR+ Slay+3 SInv}
rElec    .         Reflect  .   (no cloak)
rCorr    +         Harm     .   (no gloves)
MR       ++...                  K - +2 pair of boots of Okawaru's Indignation {rC+ Regen+ Str+3}
Stlth    ..........             V - amulet of faith
HPRegen  0.73/turn              L - +2 ring of strength
MPRegen  0.14/turn              E - ring of poison resistance

@: lethally poisoned (0 -> -9), heroism, constricted
A: retaliatory headbutt, horns 2
a: Heroism, Finesse, Renounce Religion


You were on level 1 of the Snake Pit.
You worshipped Okawaru.
Okawaru was exalted by your worship.
You were near starving.

You visited 6 branches of the dungeon, and saw 24 of its levels.
You also visited: Ossuary.

You collected 2311 gold pieces.
You spent 2001 gold pieces at shops.

Inventory:

Hand Weapons
 a - the +9 demon blade "Xerranad" {pain, rElec rN+}
   (You acquired it on level 1 of the Lair of Beasts)

   In the hands of one skilled in necromantic magic, it inflicts extra damage on
   living creatures.
   It insulates you from electricity.
   It protects you from negative energy.
 b - a +2 scimitar of flaming
 l - a +2 double sword of slicing (weapon)
Armour
 c - a +0 shield (worn)
 v - the +10 plate armour of Heresy (worn) {rF+ rC+ rCorr}
   (You bought it in a shop on level 2 of the Orcish Mines)

   It protects you from fire.
   It protects you from cold.
   It provides partial protection from all sources of acid and corrosion.
 G - the +0 mask of the Dragon (worn) {MR+ Slay+3 SInv}
   (You found it on level 8 of the Dungeon)

   It affects your accuracy and damage with ranged weapons and melee attacks
   (+3).
   It affects your resistance to hostile enchantments.
   It lets you see invisible.
 K - the +2 pair of boots of Okawaru's Indignation (worn) {rC+ Regen+ Str+3}
   (Okawaru gifted it to you on level 1 of the Swamp)

   It affects your strength (+3).
   It protects you from cold.
   It increases your rate of regeneration.
Jewellery
 o - a +4 ring of protection {unknown}
 E - a ring of poison resistance (right hand)
 L - a +2 ring of strength (left hand)
 N - an uncursed ring of protection from fire
 T - an uncursed ring of protection from cold
 U - an uncursed ring of protection from cold
 V - an amulet of faith (around neck)
Wands
 h - a wand of iceblast (11)
Scrolls
 i - 3 scrolls of identify
 j - 2 scrolls of noise
 k - 5 scrolls of magic mapping
 m - 10 scrolls of teleportation
 r - a scroll of summoning
 x - 10 scrolls of remove curse
Potions
 d - 3 potions of might
 e - 2 potions of curing
 g - 5 potions of heal wounds
 n - 5 potions of haste
 t - 4 potions of agility
 I - 3 potions of flight
 J - 2 potions of resistance
 M - a potion of mutation
Comestibles
 f - 38 rations


   Skills:
 + Level 14.8(19.8) Fighting
 + Level 17.2(22.2) Long Blades
 + Level 15.7(20.7) Armour
 + Level 3.3(8.3) Dodging
 + Level 2.1(7.1) Stealth
 + Level 18.1(23.1) Shields
 + Level 1.0 Invocations
 + Level 0.4 Evocations


You had 14 spell levels left.
You didn't know any spells.
Your spell library contained the following spells:

 Spells                   Type           Power        Failure   Level  Hunger
 Infusion                 Chrm           #...         91%         1    ##.....
 Sting                    Conj/Pois      #...         91%         1    ##.....
 Poisonous Vapours        Pois/Air       #.....       97%         2    ###....
 Shroud of Golubria       Chrm/Tloc      #.....       97%         2    ###....
 Song of Slaying          Chrm           #.......     97%         2    ###....
 Mephitic Cloud           Conj/Pois/Air  #.......     99%         3    ####...
 Recall                   Summ/Tloc      N/A          99%         3    ####...
 Regeneration             Chrm/Necr      #.........   99%         3    ####...
 Spectral Weapon          Hex/Chrm       #.......     99%         3    ####...
 Olgreb's Toxic Radiance  Pois           #.......     100%        4    #####..
 Aura of Abjuration       Summ           #.........   100%        5    ######.
 Summon Demon             Summ           #.........   100%        5    ######.
 Summon Forest            Summ/Tloc      #.........   100%        5    ######.
 Summon Mana Viper        Hex/Summ       #.......     100%        5    ######.
 Venom Bolt               Conj/Pois      #.........   100%        5    ######.
 Shadow Creatures         Summ           N/A          100%        6    #######


Dungeon Overview and Level Annotations

Branches:
Dungeon (15/15)            Temple (1/1) D:5            Lair (3/6) D:8
  Swamp (2/4) Lair:2        Snake (1/4) Lair:3          Orc (2/2) D:9
    Elf (0/3) Orc:2        Vaults (0/5) D:14         Depths (0/5) D:15
Ossuary (visited)

Altars:
Ashenzari
Cheibriados
Dithmenos
Elyvilon
Fedhas
Gozag
Hepliaklqana
Kikubaaqudgha
Makhleb
Nemelex Xobeh
Okawaru
Qazlal
Ru
Sif Muna
Trog
Uskayaw
Vehumet
Wu Jian
Xom
Yredelemnul
Zin
The Shining One
Beogh

Shops:
D:4 ?(   Orc:2 :([*

Annotations:
Snake:1 1 transporter, TuffENuff's ghost, adept FoFi


Innate Abilities, Weirdness & Mutations

You reflexively headbutt those who attack you in melee.
You have a pair of horns on your head.


Message History

You headbutt the black mamba.
You riposte.
You slice the black mamba!!
You kill the black mamba!
Okawaru accepts your kill.
The shock serpent shoots out a bolt of lightning at you!
The bolt of electricity hits you!!
* * * LOW HITPOINT WARNING * * *
You block the anaconda's attack. The anaconda constricts you.
The shock serpent bites you but does no damage.
You block the black mamba's attack.
TuffENuff's ghost hits you but does no damage.
You block the guardian serpent's attack.
The shock serpent shoots out a bolt of lightning at you!
The bolt of electricity hits you!
* * * LOW HITPOINT WARNING * * *
You block the anaconda's attack.
* * * LOW HITPOINT WARNING * * *
The anaconda constricts you. The shock serpent bites you!
* * * LOW HITPOINT WARNING * * *
The shock serpent shocks you!
You die...

#...........#####..............
##.........###.S.###............
##..........#....?..##...........
#...........#...#.#..#...........
............#...#.#..#..###...###
...........##.#....(##..# #.###
...........#.#...#S)#...###...#
...........#...#SWSS#©........##
....#......##..†@S#!#..##.._...##
...###..)).©#.#SSS#S##.###.).....
..####.....##..##.#. #.# ##.))##.
.####......#...#...#.#.# #.#####.
.# #.......##....#..##.# ##.#.##.
.###........##..S...#..####....#.
.##.....###..#####.##.###..##..##
.##....####......###..# #####...#
.##...####..##.......## ##.....#


You could see 2 anacondas, 2 shock serpents, a guardian serpent, 3 black mambas
and TuffENuff's ghost.

Vanquished Creatures
  Rupert (D:12)
  Frances (Swamp:2)
  An orc warlord (Orc:2)
  5 hydras
  A vault guard (D:14)
  The ghost of Offud the Spear-Bearer, a journeyman DgGl (Lair:1)
  A shambling mangrove (Swamp:2)
  9 anacondas (Snake:1)
  10 alligators
  2 naga warriors (Snake:1)
  A catoblepas (D:13)
  4 centaur warriors
  An ogre mage (D:15)
  A two-headed ogre (D:10)
  Erica (Orc:1)
  A death knight (D:12)
  2 naga sharpshooters (Snake:1)
  An orc high priest (Orc:2)
  Nergalle (D:10)
  2 shock serpents (Snake:1)
  Sonja (D:10)
  4 unseen horrors
  A glowing orange brain (D:15)
  A swamp dragon (Swamp:2)
  A lindwurm (Lair:3)
  A spriggan druid (Swamp:2)
  A naga ritualist (Snake:1)
  2 mana vipers
  4 orc knights
  6 ugly things
  An oklob plant (Lair:3)
  3 deep elf magi
  2 moths of wrath
  3 cyclopes
  A manticore (shapeshifter) (D:15)
  7 orc sorcerers (Orc:2)
  A guardian serpent (shapeshifter) (D:15)
  5 elephants (Lair:3)
  5 salamanders (Snake:1)
  4 centaur zombies
  5 naga magi (Snake:1)
  5 spiny frogs
  A black mamba (shapeshifter) (D:15)
  6 black mambas
  3 gargoyles
  6 komodo dragons
  8 trolls
  5 bog bodies
  A troll (shapeshifter) (D:15)
  3 blink frogs (Lair:2)
  4 hornets
  3 slime creatures (D:15)
  8 tyrant leeches
  6 hippogriffs
  4 spriggans
  67 yaks
  3 shadows
  A spriggan (shapeshifter) (D:15)
  6 wyverns
  A basilisk (Lair:1)
  5 wraiths
  4 hogs (D:7)
  A human (D:7)
  A hungry ghost (D:9)
  7 vampire mosquitoes
  A steam dragon (D:9)
  4 insubstantial wisps (Swamp:2)
  4 wargs (Orc:1)
  6 swamp worms
  12 nagas
  Edmund (D:4)
  3 porcupines
  10 water moccasins
  2 acid dragons
  6 ice beasts
  A swamp drake (Swamp:2)
  27 orc warriors
  A sky beast (D:10)
  2 eyes of draining
  6 black bears
  17 ogres
  4 phantoms
  A necrophage (D:8)
  17 centaurs
  4 crocodiles
  Blork the orc (Orc:2)
  23 bullfrogs
  4 big kobolds
  A wyvern zombie (D:14)
  2 water moccasin zombies
  2 scorpions
  7 killer bees
  A troll zombie (D:9)
  22 wights
  An electric eel (D:8)
  5 howler monkeys
  7 crimson imps
  3 bullfrog zombies
  9 hounds
  A centaur skeleton (D:9)
  7 jellies
  19 orc priests
  3 bullfrog skeletons
  27 orc wizards
  4 iguanas
  13 worker ants
  Terence (D:2)
  A killer bee zombie (D:8)
  4 big kobold zombies (Ossuary)
  7 ogre zombies (D:9)
  4 hound skeletons
  2 mummies (Ossuary)
  2 worker ant zombies
  2 howler monkey skeletons
  22 adders
  4 shadow imps
  2 oozes (D:2)
  4 adder zombies (Ossuary)
  2 adder skeletons (D:7)
  3 worms
  7 leopard geckos
  69 orcs
  4 giant cockroaches
  9 goblins
  9 hobgoblins
  13 jackals
  4 quokkas
  2 ball pythons
  7 bats
  7 frilled lizards
  2 gnoll zombies (Ossuary)
  A goblin skeleton (D:9)
  5 goblin zombies (D:9)
  5 hobgoblin zombies
  A jackal skeleton (D:5)
  A jackal zombie (D:7)
  34 kobolds
  8 kobold zombies (Ossuary)
  2 leopard gecko zombies
  2 orc skeletons (D:9)
  20 orc zombies
  A quokka skeleton (D:5)
  9 rats
  4 fungi
  6 plants
848 creatures vanquished.

Vanquished Creatures (others)
  An unseen horror (D:13)
  5 fungi
6 creatures vanquished.

Grand Total: 854 creatures vanquished

Notes
Turn   | Place    | Note
-------+----------+-------------------------------------------
     0 | D:1      | Peloso the Minotaur Fighter began the quest for the Orb.
     0 | D:1      | Reached XP level 1. HP: 19/19 MP: 0/0
    78 | D:1      | Reached XP level 2. HP: 25/27 MP: 1/1
   273 | D:1      | Reached skill level 4 in Shields
   544 | D:1      | Reached XP level 3. HP: 33/33 MP: 2/2
   948 | D:1      | Found a stormy altar of Qazlal.
  1034 | D:2      | Found an opulent altar of Gozag.
  1083 | D:2      | Found a shimmering blue altar of Sif Muna.
  1099 | D:2      | Found a bloodstained altar of Trog.
  1099 | D:2      | Found a stormy altar of Qazlal.
  1099 | D:2      | Found a basalt altar of Yredelemnul.
  1102 | D:2      | Found a burning altar of Makhleb.
  1120 | D:2      | Found a blossoming altar of Fedhas.
  1146 | D:2      | Found a sacrificial altar of Ru.
  1147 | D:2      | Noticed Terence
  1161 | D:2      | Killed Terence
  1161 | D:2      | Reached XP level 4. HP: 23/41 MP: 3/3
  2012 | D:3      | Reached XP level 5. HP: 44/47 MP: 4/4
  2057 | D:3      | Found a stormy altar of Qazlal.
  2616 | D:4      | Reached skill level 5 in Armour
  2758 | D:4      | Noticed an ogre
  2767 | D:4      | Killed an ogre
  2767 | D:4      | Reached skill level 5 in Long Blades
  2767 | D:4      | Reached XP level 6. HP: 49/53 MP: 5/5
  2886 | D:4      | Reached skill level 5 in Shields
  2962 | D:4      | Found Julesae's Weapon Shop.
  3015 | D:4      | Found Korahuw's Magic Scroll Boutique.
  3023 | D:4      | Bought a scroll of identify for 22 gold pieces
  3023 | D:4      | Bought a scroll of remove curse for 33 gold pieces
  3023 | D:4      | Bought a scroll of fog for 22 gold pieces
  3303 | D:4      | Noticed Edmund
  3316 | D:4      | Killed Edmund
  3316 | D:4      | Reached XP level 7. HP: 53/60 MP: 6/6
  3469 | D:4      | Bought a scroll of teleportation for 33 gold pieces
  3482 | D:5      | Entered Level 5 of the Dungeon
  3638 | D:5      | Reached skill level 5 in Fighting
  3645 | D:5      | HP: 3/61 [orc priest/nerve-wracking pain (13)]
  3794 | D:5      | Got a wavering iron ring
  3796 | D:5      | Identified the ring "Fukhlo" {*Tele Slay+3} (You found it
                  | on level 5 of the Dungeon)
  3847 | D:5      | Reached skill level 1 in Dodging
  3847 | D:5      | Reached XP level 8. HP: 68/68 MP: 7/7
  3851 | D:5      | Reached skill level 6 in Shields
  3963 | D:5      | Found a sparkling altar of Nemelex Xobeh.
  4046 | D:5      | Found a staircase to the Ecumenical Temple.
  4057 | Temple   | Entered the Ecumenical Temple
  5221 | D:6      | Reached skill level 7 in Shields
  5428 | D:7      | Reached XP level 9. HP: 57/75 MP: 8/8
  5508 | D:7      | Found a sand-covered staircase.
  5519 | Ossuary  | Entered an ossuary
  5605 | Ossuary  | Reached skill level 10 in Long Blades
  5992 | D:7      | Reached skill level 8 in Shields
  6413 | D:8      | Found the +0 mask of the Dragon {MR+ Slay+3 SInv}
  6469 | D:8      | Reached XP level 10. HP: 47/86 MP: 9/9
  6676 | D:8      | Found a staircase to the Lair.
  6781 | D:8      | Reached skill level 9 in Shields
  6789 | D:8      | Found a hide-covered altar of Uskayaw.
  6791 | D:8      | Reached skill level 1 in Stealth
  6792 | D:8      | Found a hazy altar of Hepliaklqana.
  7228 | D:8      | Got a polished glaive
  7229 | D:8      | Identified the +7 glaive of Ciadus {holy, *Drain +Fly rC+++
                  | Dex-2} (You found it on level 8 of the Dungeon)
  7364 | D:9      | Found a staircase to the Orcish Mines.
  7664 | D:9      | Reached skill level 10 in Shields
  7918 | D:9      | Reached XP level 11. HP: 94/95 MP: 10/10
  8229 | D:9      | Found an iron altar of Okawaru.
  8243 | D:9      | Became a worshipper of Warmaster Okawaru
  8526 | D:10     | Entered Level 10 of the Dungeon
  8531 | D:10     | Noticed a two-headed ogre
  8540 | D:10     | Killed a two-headed ogre
  8561 | D:10     | Reached skill level 10 in Armour
  8630 | D:10     | Reached * piety under Okawaru
  8892 | D:10     | Noticed Sonja
  9144 | D:10     | Noticed Nergalle
  9161 | D:10     | Killed Nergalle
  9161 | D:10     | Reached ** piety under Okawaru
  9315 | D:10     | Reached skill level 11 in Shields
  9342 | D:10     | Killed Sonja
  9689 | D:11     | Reached skill level 10 in Fighting
  9799 | D:11     | Reached *** piety under Okawaru
 10039 | D:11     | Noticed an unseen horror
 10053 | D:11     | Reached XP level 12. HP: 106/106 MP: 9/11
 10056 | D:11     | Reached **** piety under Okawaru
 10319 | D:11     | Reached skill level 12 in Shields
 10599 | D:12     | Noticed a death knight
 10616 | D:12     | Killed a death knight
 10616 | D:12     | Reached ***** piety under Okawaru
 10781 | D:12     | Noticed Rupert
 10807 | D:12     | Killed Rupert
 10807 | D:12     | Received a gift from Okawaru
 10978 | D:12     | Reached skill level 13 in Shields
 11034 | D:12     | Received a gift from Okawaru
 11455 | Lair:1   | Entered Level 1 of the Lair of Beasts
 11852 | Lair:1   | Found a transporter.
 11854 | Lair:1   | Noticed Offud's ghost (journeyman DgGl)
 11920 | Lair:1   | Found a transporter.
 11954 | Lair:1   | Killed Offud's ghost
 11984 | Lair:1   | Got a pair of polished boots
 11995 | Lair:1   | Identified the +1 pair of boots of Wuume {rPois MP+9 Dex+3}
                  | (You found it on level 1 of the Lair of Beasts)
 12289 | Lair:2   | Reached XP level 13. HP: 76/116 MP: 7/12
 12524 | Lair:2   | Reached ****** piety under Okawaru
 12524 | Lair:2   | Reached skill level 15 in Long Blades
 12552 | Lair:2   | Got an encrusted dagger
 12687 | Lair:2   | Identified the +5 dagger of the Dark Horse {pierce, +Fly
                  | rF+ rC+} (You found it on level 2 of the Lair of Beasts)
 12747 | Lair:2   | Received a gift from Okawaru
 12747 | Lair:2   | Reached skill level 14 in Shields
 12861 | Lair:2   | Found a staircase to the Swamp.
 13430 | Lair:1   | You fall into a shaft and drop 1 floor!
 14058 | D:13     | Received a gift from Okawaru
 14571 | D:13     | Got a dazzling rapier
 14572 | D:13     | Identified the +1 rapier "Sucohy" {vamp, rF+ rN+} (You
                  | found it on level 13 of the Dungeon)
 15325 | Lair:3   | Found a staircase to the Snake Pit.
 15421 | Lair:3   | Found a hide-covered altar of Uskayaw.
 16017 | Orc:1    | Entered Level 1 of the Orcish Mines
 16094 | Orc:1    | Reached skill level 15 in Shields
 16483 | Orc:1    | Found a roughly hewn altar of Beogh.
 16516 | Orc:1    | Noticed Erica
 16522 | Orc:1    | Killed Erica
 16668 | Orc:2    | Entered Level 2 of the Orcish Mines
 17317 | Orc:2    | Received a gift from Okawaru
 17330 | Orc:2    | Paralysed by an orc sorcerer for 4 turns
 17792 | Orc:2    | Noticed an orc warlord
 17792 | Orc:2    | Noticed Blork the orc
 17810 | Orc:2    | Reached XP level 14. HP: 127/127 MP: 13/13
 18315 | Orc:2    | Killed an orc warlord
 18358 | Orc:2    | Found a roughly hewn altar of Beogh.
 18702 | Orc:2    | Killed Blork the orc
 18963 | Orc:2    | Found Kamauwk's Book Shoppe.
 19000 | Orc:2    | Found Reigh's Antique Weapon Shoppe.
 19094 | Orc:2    | Found a staircase to the Elven Halls.
 19171 | Orc:2    | Found Wextye's General Store.
 19177 | Orc:2    | Bought the +10 plate armour of Heresy {rF+ rC+ rCorr} for
                  | 1494 gold pieces
 19191 | Orc:2    | Bought a scroll of enchant armour for 112 gold pieces
 19300 | Orc:2    | Found Qara's Antique Armour Shoppe.
 19806 | D:14     | Received a gift from Okawaru
 19930 | D:14     | Found a gate to the Vaults.
 20173 | D:14     | Reached skill level 16 in Shields
 20634 | Orc:2    | Bought a bloodstained chain mail for 285 gold pieces
 20648 | Orc:2    | Identified the +4 chain mail of the Heavens {Str+3} (You
                  | bought it in a shop on level 2 of the Orcish Mines)
 21258 | D:15     | Entered Level 15 of the Dungeon
 21336 | D:15     | Received a gift from Okawaru
 21349 | D:15     | Got a twisted falchion {god gift}
 21350 | D:15     | Identified the +1 falchion "Umiekorph" {drain, +Rage Str+2
                  | Dex+3} (Okawaru gifted it to you on level 15 of the
                  | Dungeon)
 21858 | D:15     | Found a glowing golden altar of the Shining One.
 22273 | D:15     | Found a staircase to the Depths.
 22569 | Swamp:1  | Entered Level 1 of the Swamp
 22569 | Swamp:1  | Found a blossoming altar of Fedhas.
 22619 | Swamp:1  | Received a gift from Okawaru
 23275 | Swamp:1  | Got a slimy hunting sling
 23323 | Swamp:1  | Received a gift from Okawaru
 23341 | Swamp:1  | Got a pair of spiked boots {god gift}
 23356 | Swamp:1  | Identified the +2 pair of boots of Okawaru's Indignation
                  | {rC+ Regen+ Str+3} (Okawaru gifted it to you on level 1 of
                  | the Swamp)
 23508 | Swamp:2  | Reached XP level 15. HP: 137/137 MP: 14/14
 23637 | Swamp:2  | Reached skill level 15 in Armour
 23700 | Swamp:2  | Reached skill level 17 in Shields
 23716 | Swamp:2  | Paralysed by a hornet for 2 turns
 24262 | Swamp:2  | Noticed Frances
 24272 | Swamp:2  | Killed Frances
 24615 | Lair:1   | Identified the +3 hunting sling of Poentom {venom, Str+2}
                  | (You found it on level 1 of the Swamp)
 24650 | Lair:1   | Identified a scroll of acquirement
 24660 | Lair:1   | Got an ancient demon blade
 24661 | Lair:1   | Identified the +9 demon blade "Xerranad" {pain, rElec rN+}
                  | (You acquired it on level 1 of the Lair of Beasts)
 25096 | Snake:1  | Entered Level 1 of the Snake Pit
 25141 | Lair:3   | Received a gift from Okawaru
 25345 | Snake:1  | Reached skill level 1 in Invocations
 25847 | Snake:1  | Noticed TuffENuff's ghost (adept FoFi)
 26050 | Snake:1  | Found a glowing golden altar of the Shining One.
 26159 | Snake:1  | Found a white marble altar of Elyvilon.
 26170 | Snake:1  | Found a transporter.
 26289 | Snake:1  | Found a burning altar of Makhleb.
 26359 | Snake:1  | Reached skill level 18 in Shields
 26634 | Snake:1  | Found a transporter.
 27116 | Snake:1  | Received a gift from Okawaru
 27118 | Snake:1  | Slain by a shock serpent

Levels and vault maps discovered:
D:1:      dpeg_arrival_water_altar, layout_basic
D:2:      layout_loops_ring, grunt_temple_overflow_open, old_standard_altar,
          grunt_gozag_breadcrumbs, fedhas_altar_1, uniq_terence
D:3:      layout_loops_ring, grunt_qazlal_clouds
D:4:      layout_loops_corners, serial_shops,
          nicolae_shop_competitors_out_of_business, shop_fountains, uniq_edmund
D:5:      layout_rooms, nicolae_overflow_crystal_walls, temple_statues,
          first_ration
D:6:      layout_gridville
D:7:      layout_loops_corners, enter_ossuary_3, grunt_livestock
D:8:      layout_gridville, chequers_temple_overflow_statue_of_worship,
          due_lair_maze_entry_diamond, kennysheep_opposing_triangles
D:9:      layout_gridville, overflow_temple_1_default, zombieorc2_lemuel,
          hangedman_decor_riveting
D:10:     layout_roguey, kennysheep_generic_room_4, uniq_nergalle, uniq_sonja
D:11:     layout_roguey
D:12:     layout_roguey, uniq_rupert
D:13:     layout_rooms
D:14:     layout_basic, david_vaults_5, amethyst_killhole, chequers_mini_garden
D:15:     gammafunk_enter_depths_forms, layout_long_grid, tso_metal_star
Temple:   minmay_temple_curvy_loop
Lair:1:   layout_long_grid, gammafunk_ghost_berserking_beasts
Lair:2:   layout_gridlike, minmay_swamp_entry_worms, grunt_megastairs_5
Lair:3:   wad_woods_tower, layout_hall_layers,
          minmay_snake_entry_guardpost_small, lemuel_oklob_altar
Swamp:1:  layout_basic_swamp, basic_altar
Swamp:2:  layout_falls_marsh, hangedman_swamp_pad, swamp_pool1, uniq_frances
Snake:1:  minmay_snake_river, layout_onion_interference, basic_altar,
          gammafunk_ghost_berserking_beasts, serial_bayou_pond_d,
          hangedman_feature_mirror, st_stairs_7, drop_trap, lemuel_fruit_tree
Orc:1:    layout_caves, basic_altar, uniq_erica
Orc:2:    grunt_orc_cross, layout_caves

Skill      XL: |  1  2  3  4  5  6  7  8  9 10 11 12 13 14 15 |
---------------+----------------------------------------------+-----
Fighting       | 4 5 6 7 8 10 11 12 13 14 | 14.8
Shields        | 4 5 7 8 10 11 13 15 16 18 | 18.1
Long Blades    | 3 4 5 6 7 9 11 13 14 15 16 17 | 17.2
Armour         | 4 5 6 7 8 9 11 12 13 14 15 | 15.7
Dodging        | 1 2 3 |  3.3
Stealth        | 1 2 |  2.1
Invocations    | 1 |  1.0
Evocations     | |  0.4

Action                   |  1- 3 |  4- 6 |  7- 9 | 10-12 | 13-15 || total
-------------------------+-------+-------+-------+-------+-------++-------
Melee: Long sword        |   112 |   143 |   358 |   320 |       ||   933
       Headbutt          |    15 |    21 |    78 |   235 |   349 ||   698
       Falchion          |       |       |       |   419 |       ||   419
       Scimitar          |       |       |       |    76 |   471 ||   547
       Double sword      |       |       |       |       |   651 ||   651
       Demon blade       |       |       |       |       |    41 ||    41
Invok: Heroism           |       |       |       |     4 |    10 ||    14
Evoke: Wand              |       |       |       |     3 |     4 ||     7
  Use: Potion            |     3 |     3 |       |     2 |     3 ||    11
       Scroll            |       |     1 |    11 |     7 |    11 ||    30
 Stab: Confused          |       |       |       |       |     1 ||     1
  Eat: Chunk             |       |     8 |     7 |    21 |    36 ||    72
       Ration            |       |       |     1 |       |     3 ||     4
Armor: Scale mail        |    21 |       |       |       |       ||    21
       Chain mail        |    51 |    32 |       |       |       ||    83
       Plate armour      |       |    44 |   138 |   373 |   515 ||  1070
Dodge: Dodged            |    28 |    35 |    92 |   209 |   341 ||   705
Block: Shield            |    68 |    65 |   160 |   524 |   935 ||  1752
       Rpst.: Long sword |     4 |     8 |    25 |    20 |       ||    57
       Falchion          |       |       |       |    30 |       ||    30
       Scimitar          |       |       |       |     6 |    28 ||    34
       Double sword      |       |       |       |       |    34 ||    34
       Demon blade       |       |       |       |       |     5 ||     5
